 Dungeon Sprint DCSS version 0.30-a0-728-gc68057be0a (webtiles) character file.

Game seed: 18218887142670490327

77 rocky1 the Cudgeller (level 4, 0/44 HPs)
             Began as an Ogre Gladiator on Feb 1, 2023.
             Drowned by a water elemental (8 damage)
             ... in the Dungeon (Sprint III: "The Ten Rune Challenge").
             The game lasted 00:01:13 (804 turns).

rocky1 the Cudgeller (Ogre Gladiator)                Turns: 804, Time: 00:01:13

Health: 0/44       AC:  3    Str: 24    XL:     4   Next: 34%
Magic:  4/4        EV: 10    Int:  8    God:
Gold:   18         SH:  0    Dex:  9    Spells: 3/3 levels left

rFire   . . .      SeeInvis .    a - +0 flail
rCold   . . .      Faith    .    (no shield)
rNeg    . . .      Spirit   .    b - +0 robe
rPois   .          Reflect  .    c - +0 hat
rElec   .          Harm     .    (no cloak)
rCorr   .          Rampage  .    (gloves unavailable)
Will    .....      NoTele   +    (boots unavailable)
Stlth   ++                       (no amulet)
HPRegen 0.27/turn                (no ring)
MPRegen 0.09/turn                (no ring)

@: engulfed (cannot breathe)
A: large, unfitting armour, tough skin 1, strong 1
a: no special abilities


You were in the Dungeon.
You visited 1 branch You collected 18 gold pieces.

Inventory:

Hand Weapons
 a - a +0 flail (weapon)
Missiles
 d - a throwing net (quivered)
Armour
 b - a +0 robe (worn)
 c - a +0 hat (worn)
Scrolls
 k - a scroll of blinking
 l - 4 scrolls of identify
 n - a scroll of poison {unknown}
 p - a scroll of torment {unknown}
Potions
 f - a potion of curing
 g - 2 potions of heal wounds
 h - a potion of haste
 i - 2 potions of magic
 j - a potion of berserk rage
 o - 5 potions of flight


   Skills:
 - Level 2.6 Fighting
 + Level 7.5 Maces & Flails
 - Level 2.0 Throwing
 - Level 2.6 Dodging
 + Level 1.9 Stealth


You had 3 spell levels left.
You didn't know any spells.
Your spell library was empty.

Dungeon Overview and Level Annotations

Branches:
Dungeon (1/1)

Altars:


Innate Abilities, Weirdness & Mutations

You are too large for most types of armour.
You have tough skin. (AC +1)
Your muscles are strong. (Str +4, Int/Dex -1)


Message History

It was a potion of mutation.
You feel extremely strange.
You occasionally lose the ability to read scrolls when taking damage.
You no longer become unable to read scrolls after taking damage.
Really quaff the potion of mutation?
You feel extremely strange.
You feel stronger.
There is an open door here.
You enter the shallow water.
You open the door.
A water elemental comes into view.
Throw: large rock
Press: ? - help, Q - select action, (/) - cycle Shift-Dir - straight line, f - water elemental
Aim: a water elemental (68% to hit)
You throw a large rock.
The large rock barely misses the water elemental.
The water elemental barely misses you.
You sock the water elemental!
The water elemental is moderately damaged.
The water elemental hits you!
The water elemental engulfs you in water!
You closely miss the water elemental.
The water elemental is moderately damaged.
Your lungs strain for air!
The water elemental barely misses you.
You hit the water elemental but do no damage.
The water elemental is moderately damaged.
Your lungs strain for air!
The water elemental barely misses you.
You thump the water elemental!
The water elemental is severely damaged.
Your lungs strain for air!
The water elemental closely misses you.
You closely miss the water elemental.
The water elemental is severely damaged.
* * * LOW HITPOINT WARNING * * *
Your lungs strain for air!
The water elemental barely misses you.
You barely miss the water elemental.
The water elemental is severely damaged.
You die...

▓▓▓▓▓▓▓▓▓▓▓ ▓▓▓
<.#..'....♣♣ ♣.#
..#..#.....♣♣ ♣.#
#'####......♣ ♣.#
.....#....~♣♣♣ ♣.# #+#+#
.....#...~~..♣♣♣.#......
.....#..~~~~♣..♣@E.⌠...(
####'#..~≈≈~~~...#...###
(..††#.~~≈~~~....# ⌠.#
.....#.~≈~~~.....# .#
.....#.~~~.......# #
'#####...........#
.................#
▓▓▓▓▓▓▓▓▓▓▓▓▓▓▓▓▓▓


You could see a water elemental.

Vanquished Creatures
  A scorpion (D)
  A human (D)
  An endoplasm (D)
  3 rats (D)
6 creatures vanquished.

Notes
Turn   | Place    | Note
-------+----------+-------------------------------------------
     0 | D        | rocky1 the Ogre Gladiator began the quest for the Orb.
     0 | D        | Reached XP level 1. HP: 22/22 MP: 1/1
     8 | D        | Reached skill level 3 in Maces & Flails
   268 | D        | Reached skill level 5 in Maces & Flails
   268 | D        | Reached skill level 1 in Stealth
   268 | D        | Reached XP level 2. HP: 22/29 MP: 2/2
   476 | D        | Noticed a scorpion
   493 | D        | Killed a scorpion
   494 | D        | Reached skill level 7 in Maces & Flails
   494 | D        | Reached XP level 3. HP: 12/36 MP: 3/3
   494 | D        | Reached XP level 4. HP: 15/44 MP: 4/4
   774 | D        | Gained mutation: You occasionally lose the ability to read
                  | scrolls when taking damage. [potion of mutation]
   774 | D        | Lost mutation: You occasionally lose the ability to read
                  | scrolls when taking damage. [potion of mutation]
   775 | D        | Gained mutation: Your muscles are strong. (Str +4, Int/Dex
                  | -1) [potion of mutation]
   797 | D        | Noticed a water elemental
   804 | D        | Drowned by a water elemental

Illustrated notes

Levels and vault maps discovered:
D:        dungeon_sprint_mu [sprint_mu_entry_forest, sprint_mu_temple_rooms,
          sprint_mu_d1_spiders, sprint_mu_d2_genie, sprint_mu_d3_branching,
          sprint_mu_orc_legion, sprint_mu_elf_gauntlet, sprint_mu_hive_nellie,
          sprint_mu_lair_fedhas, sprint_mu_vaults_butterflies,
          sprint_mu_slime_circle, sprint_mu_swamp_cave, sprint_mu_snake_twists,
          sprint_mu_blade_basic, sprint_mu_crypt_chambers,
          sprint_mu_tomb_spiral, sprint_mu_vestibule_basic,
          sprint_mu_gehenna_hellfire, sprint_mu_dis_giant,
          sprint_mu_tartarus_statrot, sprint_mu_cocytus_islands, sprint_mu_zot1]

Skill      XL: |  1  2 |
---------------+-------+-----
Maces & Flails | 5 7 |  7.5
Stealth        | 1 |  1.9
Fighting       | |  2.6
Throwing       | |  2.0
Dodging        | |  2.6

Action                     |  1- 3 |  4- 6 || total
---------------------------+-------+-------++-------
  Melee: Flail             |    27 |     6 ||    33
  Throw: Throwing net      |     5 |       ||     5
         Large rock        |       |     1 ||     1
    Use: Potion            |       |     2 ||     2
   Stab: Held in net/web   |     2 |       ||     2
 Armour: Robe              |     4 |       ||     4
  Dodge: Dodged            |    15 |     5 ||    20

Table legend: (Time is in decaauts)
 A = Elapsed time spent in this place.
 B = Non-inter-level travel time spent in this place.
 C = Inter-level travel time spent in this place.
 D = Time resting spent in this place.
 E = Time spent auto-exploring this place.
 F = Levels seen in this place.
 G = Mean time per level.
                   A        B        C        D        E       F      G
               +--------+--------+--------+--------+--------+-----+--------+
         Total |    809 |    809 |      0 |    669 |      0 |   1 |  809.0 |
       Dungeon |    809 |    809 |      0 |    669 |      0 |   1 |  809.0 |
               +--------+--------+--------+--------+--------+-----+--------+

Top non-repeatable levels by time:
       D: 809 daAuts
